 Dungeon Crawl Stone Soup version 0.28.0 (webtiles) character file.

Game seed: 17507267109668781946

3027 LustLizard the Cleaver (level 9, -6/81 HPs)
             Began as a Minotaur Berserker on Feb 7, 2022.
             Was a Priest of Trog.
             Mangled by an ancient zyme (8 damage)
             ... on level 6 of the Dungeon.
             The game lasted 00:14:58 (6774 turns).

LustLizard the Cleaver (Minotaur Berserker)         Turns: 6774, Time: 00:14:59

Health: -6/81      AC: 13    Str: 20    XL:     9   Next: 55%
Magic:  8/8        EV:  6    Int:  6    God:    Trog [***...]
Gold:   404        SH:  5    Dex: 18    Spells: 8/8 levels left

rFire   . . .      SeeInvis .   m - +0 war axe
rCold   + . .      Faith    .   (no shield)
rNeg    . . .      Spirit   .   h - +0 plate armour
rPois   .          Reflect  +   (helmet restricted)
rElec   .          Harm     .   (no cloak)
rCorr   .          Rampage  .   o - +1 Delatra's gloves {ID++}
Will    .....      Rnd*Tele +   (no boots)
Stlth   ..........              n - amulet of reflection
HPRegen 0.00/turn               y - +6 ring of dexterity
MPRegen 0.11/turn               (no ring)

@: on berserk cooldown, sick, hasted and slowed
A: horns 2, retaliatory headbutt, claws 1, thin skeletal structure 1, cold
resistance 1, teleportitis 1, weak 2
a: Renounce Religion, Berserk, Trog's Hand


You were on level 6 of the Dungeon.
You worshipped Trog.
Trog was most pleased with you.
You visited 1 branch of the dungeon, and saw 6 of its levels.

You collected 404 gold pieces.

Inventory:

Hand Weapons
 a - a +0 hand axe
 m - a +0 war axe (weapon)
Missiles
 e - 10 curare-tipped darts (quivered)
 g - 190 stones
 D - 2 boomerangs
Armour
 b - a +0 animal skin
 h - a +0 plate armour (worn)
 o - the +1 Delatra's gloves (worn) {ID++}
   (You found it on level 3 of the Dungeon)

   It heals its wearer when they drink unknown potions.
   It restores its wearer's MP when they read unknown scrolls.
Jewellery
 n - an amulet of reflection (around neck)
 s - a ring of fire
 y - a +6 ring of dexterity (left hand)
 z - an amulet of regeneration
 A - a ring of magical power
 B - a +6 ring of intelligence
Wands
 t - a wand of polymorph (5)
Scrolls
 d - 2 scrolls of teleportation
 k - a scroll of fear {unknown}
 l - a scroll of blinking {unknown}
 p - a scroll of immolation {unknown}
 q - a scroll of brand weapon {unknown}
 r - a scroll of holy word {unknown}
 v - 5 scrolls of identify {unknown}
 w - 2 scrolls of enchant weapon {unknown}
Potions
 f - 2 potions of curing
 i - a potion of magic {unknown}
 j - 2 potions of mutation
 u - a potion of lignification {unknown}
 x - a potion of haste
 C - a potion of degeneration {unknown}


   Skills:
 + Level 8.1 Fighting
 * Level 10.8 Axes
 * Level 8.4 Throwing
 - Level 2.4 Armour
 - Level 2.1 Dodging


You had 8 spell levels left.
You didn't know any spells.
Your spell library was empty.

Dungeon Overview and Level Annotations

Branches:
Dungeon (6/15)
 Temple: D:4-7

Altars:
Ru
Yredelemnul

Shops:
D:1 (   D:3 [

Portals:
Abyss: D:6

Annotations:
D:6 1 transporter


Innate Abilities, Weirdness & Mutations

You have a pair of horns on your head.
You reflexively headbutt those who attack you in melee.
You have sharp fingernails.
You have a somewhat thin skeletal structure. (Dex +2, Stealth+)
Your flesh is cold resistant. (rC+)
You are occasionally teleported next to monsters.
You are very weak. (Str -4)


Message History

The ancient zyme hits you but does no damage.
The ancient zyme hits you.
* * * LOW HITPOINT WARNING * * *
The iron imp hits you but does no damage.
The gnoll sergeant hits you but does no damage.
You slice the ancient zyme!!
The ancient zyme is heavily damaged.
You hit the iron imp but do no damage. You barely miss the gnoll sergeant.
The ancient zyme hits you but does no damage. x2
The iron imp hits you but does no damage.
You block the gnoll sergeant's attack.
You hit the ancient zyme.
The ancient zyme is heavily damaged.
You slash the iron imp! You hit the gnoll sergeant.
You kill the gnoll sergeant!
Trog accepts your kill. The ancient zyme hits you!
* * * LOW HITPOINT WARNING * * *
The ancient zyme hits you but does no damage.
You feel ill.
The iron imp hits you but does no damage.
You closely miss the ancient zyme.
The ancient zyme is heavily damaged.
You hit the iron imp.
You kill the iron imp!
Trog accepts your kill. The ancient zyme closely misses you.
The ancient zyme hits you.
* * * LOW HITPOINT WARNING * * *
You feel ill.
You hit the ancient zyme. Your headbutt misses the ancient zyme.
The ancient zyme is severely damaged.
Your skin stops crawling.
You feel less strong-willed. You block the ancient zyme's attack.
The ancient zyme hits you!
* * * LOW HITPOINT WARNING * * *
You hit the ancient zyme.
You headbutt the ancient zyme, but do no damage.
The ancient zyme is severely damaged.
The ancient zyme barely misses you. You furiously retaliate!
You headbutt the ancient zyme. The ancient zyme hits you!
You die...

#.....#.##..###.####......
#.....#.?#..#©.....##..##.
#...(##.##..##...##.#..#..
#....#..##...##### ##..#.#
###..#.5.##....# . #.....#
#..##..####.##.###......
######...###.∩.###..#.##.....
##..........#x.^.....#.$#©....
##..........##@...###...##.....
#..........##.)(((..#..##......
#.........##.(.####.##g#.......
#.........#....#.©##...##....#.
#.........##$###...###©.#...##.
#..........###.......####...##.
##..........................#..
##...........................#
#########.................###


You could see an ancient zyme.

Vanquished Creatures
  An ugly thing (D:6)
  The ghost of freelancePsychic the Sneak, an amateur KoDe (D:3)
  A neqoxec (D:6)
  Edmund (D:4)
  Duvessa (D:4)
  A sky beast (D:6)
  2 black bears (D:6)
  An ogre (D:5)
  Pargi (D:3)
  A small abomination (D:6)
  A gnoll sergeant (D:6)
  2 scorpions (D:5)
  A water moccasin zombie (D:5)
  A wyvern skeleton (D:6)
  Dowan (D:4)
  2 water moccasin skeletons
  4 killer bees (D:5)
  3 wights (D:4)
  A centaur zombie (D:5)
  A bullfrog zombie (D:6)
  A hound (D:3)
  A jelly (D:4)
  3 orc priests
  A centaur skeleton (D:6)
  2 iguanas (D:6)
  An iron imp (D:6)
  Terence (D:3)
  Natasha (thrice) (D:2)
  6 orc wizards
  A scorpion zombie (D:5)
  A howler monkey zombie (D:6)
  8 adders
  A shadow imp (D:6)
  An adder skeleton (D:4)
  2 worms (D:3)
  The ghost of SnakkuSnakku7 the Sneak, a weakling HODe (D:6)
  19 orcs
  4 ball pythons
  7 bats
  8 endoplasms
  5 giant cockroaches
  6 goblins
  7 hobgoblins
  5 jackals
  6 quokkas
  5 frilled lizards
  9 kobolds
  12 rats
  A spectral orc (D:4)
156 creatures vanquished.

Vanquished Creatures (others)
  A sky beast (D:6)
1 creature vanquished.

Grand Total: 157 creatures vanquished

Notes
Turn   | Place    | Note
-------+----------+-------------------------------------------
     0 | D:1      | LustLizard the Minotaur Berserker began the quest for the
                  | Orb.
     0 | D:1      | Reached XP level 1. HP: 19/19 MP: 0/0
   319 | D:1      | Reached skill level 4 in Axes
   338 | D:1      | Reached XP level 2. HP: 27/27 MP: 1/1
   508 | D:1      | Found Weogesh's Weapon Shoppe.
   515 | D:1      | Reached skill level 1 in Throwing
  1010 | D:2      | Reached XP level 3. HP: 33/33 MP: 2/2
  1180 | D:2      | You fall into a shaft and drop 2 floors!
  1354 | D:3      | Found the +1 Delatra's gloves {ID++}
  1384 | D:3      | Reached ** piety under Trog
  1567 | D:3      | Noticed Terence
  1576 | D:3      | Killed Terence
  1577 | D:3      | Reached XP level 4. HP: 35/40 MP: 3/3
  1579 | D:3      | Reached skill level 5 in Axes
  1652 | D:3      | Found Zurush's Antique Armour Boutique.
  1756 | D:3      | Noticed Pargi
  1769 | D:3      | Killed Pargi
  1770 | D:3      | Reached XP level 5. HP: 43/47 MP: 4/4
  2027 | D:3      | Found a runed translucent door.
  2045 | D:3      | Reached XP level 6. HP: 33/55 MP: 5/5
  2185 | D:3      | Reached skill level 5 in Fighting
  2185 | D:3      | Reached skill level 6 in Axes
  2415 | D:3      | Noticed freelancePsychic's ghost (amateur KoDe)
  2429 | D:3      | Killed freelancePsychic's ghost
  2725 | D:2      | Noticed Natasha
  2733 | D:2      | Reached XP level 7. HP: 57/61 MP: 6/6
  2734 | D:2      | Killed Natasha
  2913 | D:2      | Noticed Natasha
  2918 | D:2      | Killed Natasha
  2922 | D:2      | Found a faded altar of an unknown god.
  3175 | D:2      | Noticed Natasha
  3182 | D:2      | Killed Natasha
  3311 | D:4      | Reached *** piety under Trog
  3330 | D:4      | Reached skill level 7 in Axes
  3341 | D:4      | Reached skill level 5 in Throwing
  3498 | D:4      | Noticed Duvessa
  3521 | D:4      | Killed Duvessa
  3563 | D:4      | Noticed Dowan
  3578 | D:4      | Killed Dowan
  3877 | D:4      | Reached XP level 8. HP: 70/70 MP: 7/7
  4081 | D:4      | Noticed Edmund
  4086 | D:4      | Reached skill level 8 in Axes
  4095 | D:4      | Killed Edmund
  4238 | D:4      | Found a basalt altar of Yredelemnul.
  4529 | D:5      | Entered Level 5 of the Dungeon
  4844 | D:5      | Reached skill level 9 in Axes
  5079 | D:5      | Found a sacrificial altar of Ru.
  5534 | D:6      | Noticed a cyan ugly thing
  5551 | D:6      | Gained mutation: You are weak. (Str -2) [potion of
                  | mutation]
  5551 | D:6      | Gained mutation: Your flesh is cold resistant. (rC+)
                  | [potion of mutation]
  5551 | D:6      | Gained mutation: You have a somewhat thin skeletal
                  | structure. (Dex +2, Stealth+) [potion of mutation]
  5551 | D:6      | Gained mutation: You have sharp fingernails. [potion of
                  | mutation]
  5553 | D:6      | Killed a cyan ugly thing
  5554 | D:6      | Reached skill level 10 in Axes
  5554 | D:6      | Reached XP level 9. HP: 22/79 MP: 8/8
  6243 | D:6      | Found a transporter.
  6293 | D:6      | Found a transporter.
  6298 | D:6      | Noticed an ancient zyme
  6325 | D:6      | Found a one-way gate to the infinite horrors of the Abyss.
  6339 | D:6      | Noticed SnakkuSnakku7's ghost (weakling HODe)
  6394 | D:6      | Reached **** piety under Trog
  6738 | D:6      | Gained mutation: You are very weak. (Str -4) [a neqoxec]
  6739 | D:6      | Gained mutation: You are occasionally teleported next to
                  | monsters. [a neqoxec]
  6742 | D:6      | Killed SnakkuSnakku7's ghost
  6773 | D:6      | HP: 2/81 [ancient zyme (10)]
  6774 | D:6      | Mangled by an ancient zyme

Illustrated notes

Levels and vault maps discovered:
D:1:      dpeg_arrival_short_road, layout_loops_ring, serial_shops,
          nicolae_shop_hallway_stairs, minmay_quantized
D:2:      layout_basic, basic_ecumenical_altar, grunt_decor_fettered,
          uniq_natasha
D:3:      layout_basic, ebering_ghost_sewer_d, serial_shops,
          nicolae_shop_overgrown_old_shop, grunt_ministairs_9, uniq_pargi,
          uniq_terence
D:4:      layout_cave_pods, yredelemnul_forgotten_temple_becter, uniq_duvessa,
          uniq_edmund
D:5:      layout_basic, lemuel_round_altar, minmay_door_square
D:6:      layout_rooms, gammafunk_ghost_abyssal_escape

Skill      XL: |  1  2  3  4  5  6  7  8  9 |
---------------+----------------------------+-----
Axes           | 4 5 6 7 10 | 10.8
Throwing       | 1 2 3 4 5 7 8 |  8.4
Fighting       | 4 5 6 7 8 |  8.1
Armour         | |  2.4
Dodging        | |  2.1

Action                   |  1- 3 |  4- 6 |  7- 9 || total
-------------------------+-------+-------+-------++-------
Melee: Hand axe          |    57 |       |       ||    57
       Headbutt          |    11 |    10 |    47 ||    68
       War axe           |    44 |   109 |   249 ||   402
       Punch             |       |     1 |     3 ||     4
Throw: Dart              |     7 |     2 |    11 ||    20
       Stone             |     5 |       |    55 ||    60
Invok: Berserk           |       |     1 |     4 ||     5
       Trog's Hand       |       |     1 |     2 ||     3
  Use: Potion            |       |       |     3 ||     3
Armor: Animal skin       |     6 |       |       ||     6
       Plate armour      |    53 |    86 |   149 ||   288
Dodge: Dodged            |    39 |    19 |    56 ||   114
Block: Other             |     2 |    29 |    58 ||    89
       Reflection        |       |       |     4 ||     4
